Map: Acropolis LE

Players

Harstem - Winner!

  • Race: Protoss Protoss
  • Spawn Location: 11:00

PappiJoe

  • Race: Protoss Protoss
  • Spawn Location: 5:00

VOD

Have the link to the VOD?

Description

Time

  • Played on: Sept. 6, 2019, 12:37 p.m.
  • Length: 6:32
Show
View Real Time Build Order
Export as new Build Order

Harstem Protoss - Winner!

Build Orders:  

Get SALT Encoding   

  12  0:01  Probe  
  13  0:13  Probe  
  14  0:17  Pylon  
  14  0:24  Probe  
  15  0:32  Probe  
  15  0:36  Gateway  
  15  0:40  Probe  
  16  0:46  Assimilator  
  17  0:51  Probe  
  17  0:54  Assimilator  
  18  1:01  Probe  
  19  1:08  Gateway  
  19  1:10  Probe  
  19  1:18  Probe  
  20  1:24  Cybernetics Core  
  21  1:30  Probe  
  22  1:34  Pylon  
  22  1:42  Probe  
  24  1:59  Warp Gate  
  24  2:00  Stalker x2  
  27  2:08  Pylon  
  27  2:18  Robotics Facility  
  27  2:30  Stalker  
  29  2:38  Stalker  
  29  2:43  Probe  
  29  2:44  Gateway  
  33  2:59  Shield Battery  
  33  3:03  Warp Prism  
  32  3:16  Pylon  
  34  3:20  Stalker  
  36  3:30  Stalker  
  37  4:02  Stalker x2  
  41  4:03  Observer  
  41  4:05  Pylon  
  42  4:14  Stalker  
  42  4:16  Probe  
  45  4:29  Stalker x2  
  49  4:33  Pylon  
  49  4:40  Robotics Bay  
  49  4:58  Immortal  
  53  5:12  Probe  
  54  5:18  Zealot, Sentry  
  58  5:21  Pylon  
  58  5:35  Disruptor  
  58  5:38  Probe  
  58  5:41  Pylon  
  62  5:54  Probe  
  63  6:03  Stalker x3  
  69  6:13  Probe  
Show
View Real Time Build Order
Export as new Build Order

PappiJoe Protoss 

Build Orders:  

Get SALT Encoding   

  12  0:00  Probe  
  13  0:13  Probe  
  14  0:17  Pylon  
  14  0:23  Probe  
  15  0:31  Probe  
  16  0:38  Gateway  
  16  0:39  Probe  
  16  0:46  Assimilator  
  17  0:51  Probe  
  17  0:55  Assimilator  
  18  1:00  Probe  
  18  1:09  Gateway, Probe  
  20  1:19  Probe  
  21  1:25  Cybernetics Core  
  21  1:31  Probe  
  22  1:40  Pylon  
  22  1:43  Probe  
  23  2:02  Robotics Facility  
  23  2:04  Warp Gate  
  23  2:05  Stalker  
  25  2:09  Stalker  
  27  2:16  Pylon  
  26  2:41  Twilight Council  
  26  2:44  Stalker  
  28  2:45  Stalker  
  30  2:53  Probe  
  31  3:01  Robotics Facility  
  31  3:14  Pylon  
  31  3:19  Resonating Glaives  
  31  3:21  Gateway  
  31  3:26  Adept  
  31  3:27  Adept  
  35  3:36  Immortal  
  39  4:03  Warp Prism  
  39  4:06  Adept x2  
  45  4:18  Pylon  
  45  4:29  Adept  
  47  4:38  Adept x2  
  51  4:50  Stalker  
  53  4:58  Adept  
  48  5:14  Probe  
  47  5:34  Adept x2  
  51  5:38  Adept  
  53  5:49  Pylon  
  53  6:09  Adept x3  
Tags
 
Add a new tag
Caveats
  • Supply blocks, unpowered buildings, or Contaminate may cause inaccurate times.
  • Supply counts are checked every 10 seconds.